 Dungeon Crawl Stone Soup version 0.30-a0-1164-ge08a67761e (webtiles) character file.

Game seed: 13508029662136106439

1517 NateTC the Chopper (level 8, 0/71 HPs)
             Began as a Hill Orc Fighter on Apr 30, 2023.
             Was a Believer of Okawaru.
             Slain by a troll (9 damage)
             ... on level 6 of the Dungeon.
             The game lasted 00:16:27 (4212 turns).

NateTC the Chopper (Hill Orc Fighter)               Turns: 4212, Time: 00:16:28

Health: 0/71       AC: 17    Str: 21    XL:     8   Next: 83%
Magic:  11/11      EV:  6    Int:  8    God:    Okawaru [**....]
Gold:   151        SH:  7    Dex: 10    Spells: 8/11 levels left

rFire   . . .        a - +1 war axe
rCold   . . .        c - +2 buckler
rNeg    . . .        g - +1 plate armour
rPois   .            h - +0 helmet
rElec   .            (no cloak)
rCorr   .            u - +0 pair of gloves
SInv    .            v - +0 pair of boots
Will    .....        n - amulet of regeneration Stlth
                     j - +4 ring of slaying
HPRegen 1.11/turn    (no ring)
MPRegen 0.12/turn

%: no passive effects
@: no status effects
A: no striking features
a: Renounce Religion, Heroism


You were on level 6 of the Dungeon.
You worshipped Okawaru.
Okawaru was pleased with you.
You visited 1 branch of the dungeon, and saw 6 of its levels.

You collected 641 gold pieces.
You spent 490 gold pieces at shops.

Inventory:

Hand Weapons
 a - a +1 war axe (weapon)
Missiles
 l - 2 throwing nets (quivered)
Armour
 c - a +2 buckler (worn)
 g - a +1 plate armour (worn)
 h - a +0 helmet (worn)
 q - a +1 chain mail of fire resistance
 u - a +0 pair of gloves (worn)
 v - a +0 pair of boots (worn)
Jewellery
 j - a +4 ring of slaying (left hand)
 n - an amulet of regeneration (around neck)
Wands
 b - a wand of quicksilver (7)
 d - a wand of polymorph (8)
Scrolls
 k - a scroll of enchant weapon
 p - 6 scrolls of teleportation
Potions
 e - 3 potions of heal wounds
 f - 2 potions of lignification
 i - 2 potions of brilliance
 m - 2 potions of flight
 o - a potion of mutation
 r - a potion of attraction {unknown}
 s - 2 potions of resistance
 t - 2 potions of ambrosia {unknown}


   Skills:
 - Level 6.6 Fighting
 * Level 7.0 Axes
 * Level 6.6 Armour
 - Level 6.1 Shields
 - Level 2.1 Spellcasting
 - Level 2.2 Ice Magic


You had 8 spell levels left.
You knew the following spells:

 Your Spells              Type           Power      Damage    Failure   Level
a - Ozocubu's Armour      Ice            4%         N/A       100%        3

Your spell library contained the following spells:

 Spells                   Type           Power      Damage    Failure   Level
 Sting                    Tmut/Pois      0%         1d3       100%        1
 Poisonous Vapours        Pois/Air       0%         N/A       100%        2
 Ignite Poison            Fire/Tmut/Pois 0%         N/A       100%        3
 Volatile Blastmotes      Fire/Tloc      0%         2d10      100%        3
 Fulminant Prism          Conj/Hex       0%         3d5       100%        4
 Iskenderun's Mystic Bla  Conj/Tloc      0%         2d3       100%        4
 Olgreb's Toxic Radiance  Pois           0%         N/A       100%        4
 Sticky Flame             Conj/Fire      0%         2d3       100%        4
 Lee's Rapid Deconstruct  Erth           0%         3d4*      100%        5
 Ozocubu's Refrigeration  Ice            2%         4d7       100%        7
 Ignition                 Fire           0%         3d3       100%        8


Dungeon Overview and Level Annotations

Branches:
Dungeon (6/15) Zot: 26949  Temple (0/1) D:5

Altars:
Hepliaklqana
Okawaru
Uskayaw
The Shining One

Shops:
D:2 :   D:3 ?!*=[

Annotations:
D:2 1 runed translucent door, Crazy Yiuf


Message History

You hit the troll.
The troll is lightly wounded.
The troll bites you but does no damage.
The troll claws you but does no damage. x2
You slash the troll!
The troll is moderately wounded.
The troll barely misses you.
The troll claws you but does no damage. x2
You slash the troll!
The troll is heavily wounded.
The troll bites you! The troll barely misses you. You block the troll's attack.
You hit the troll.
The troll is heavily wounded.
You block the troll's attack. The troll claws you but does no damage.
The troll claws you.
You completely miss the troll.
The troll is heavily wounded.
The troll bites you! The troll barely misses you.
The troll claws you but does no damage. The troll bites you.
The troll claws you but does no damage. You block the troll's attack.
You slash the troll!
The troll is severely wounded.
The troll bites you.
The troll claws you but does no damage. x2
You barely miss the troll.
The troll is severely wounded.
The troll bites you but does no damage. The troll claws you.
The troll claws you!
You hit the troll.
The troll is severely wounded.
The troll bites you but does no damage. The troll claws you!
You block the troll's attack.
You barely miss the troll.
The troll is severely wounded.
The troll bites you.
* * * LOW HITPOINT WARNING * * *
The troll claws you but does no damage. The troll barely misses you.
The troll bites you.
* * * LOW HITPOINT WARNING * * *
The troll claws you!
* * * LOW HITPOINT WARNING * * *
The troll claws you!
You die...

..## ..# ..# ..#
#.# #.# #T#
######### #@#
#.....#.#######.#
#.###.#.........#
#.#<#.#.#########
#.#.#.#†#
#.#...#.#
#.#####.#
#..)....#
#########


You could see a troll.

Vanquished Creatures
  Sigmund (D:5)
  3 water moccasins
  Duvessa (D:4)
  A black bear (D:4)
  An ogre (D:4)
  Blork the orc (D:5)
  A scorpion (D:4)
  Dowan (D:4)
  An orc priest (D:5)
  A hound (D:5)
  A gnoll bouda (D:5)
  9 iguanas
  2 orc zombies (D:4)
  5 adders
  9 gnolls
  A shadow imp (D:5)
  2 ufetubi (D:5)
  3 worms
  6 dart slugs
  10 orcs
  5 ball pythons
  10 endoplasms
  3 giant cockroaches
  6 goblins
  3 hobgoblins
  3 jackals (D:4)
  3 kobolds
  2 quokkas
  5 bats
  5 rats
105 creatures vanquished.

Notes
Turn   | Place    | Note
-------+----------+-------------------------------------------
     0 | D:1      | NateTC the Hill Orc Fighter began the quest for the Orb.
     0 | D:1      | Reached XP level 1. HP: 19/19 MP: 1/1
   114 | D:1      | Reached skill level 3 in Axes
   119 | D:1      | Reached XP level 2. HP: 23/27 MP: 2/2
   243 | D:1      | You fall into a shaft and drop 1 floor!
   310 | D:2      | Found a runed translucent door.
   311 | D:2      | Noticed Crazy Yiuf
   712 | D:2      | Reached skill level 4 in Axes
   716 | D:2      | Reached XP level 3. HP: 26/33 MP: 3/3
   845 | D:2      | Found Cemnarog's Book Emporium.
   850 | D:2      | Found an iron altar of Okawaru.
   860 | D:2      | Became a worshipper of Warmaster Okawaru
  1140 | D:3      | Found Osot's General Store.
  1348 | D:3      | Found Legg's Magic Scroll Emporium.
  1352 | D:3      | Reached XP level 4. HP: 40/40 MP: 4/4
  1396 | D:3      | Reached skill level 5 in Axes
  1469 | D:3      | Found Eraat's Distillery.
  1472 | D:3      | Bought a potion of heal wounds for 70 gold pieces
  1492 | D:3      | Identified the orb "Nexkaydu" {*Rage, rElec rC+}
  1598 | D:3      | Found Edghaguuck's Jewellery Emporium.
  1654 | D:3      | Found Zotaqioj's Armour Boutique.
  1790 | D:4      | Learned a level 3 spell: Ozocubu's Armour
  1870 | D:4      | Noticed a black bear
  1879 | D:4      | Killed a black bear
  1880 | D:4      | Reached XP level 5. HP: 30/46 MP: 5/5
  1884 | D:4      | Reached skill level 1 in Ice Magic
  1884 | D:4      | Reached XP level 6. HP: 34/52 MP: 6/6
  1997 | D:4      | Noticed Dowan
  1997 | D:4      | Noticed a water moccasin
  2002 | D:4      | Reached skill level 6 in Axes
  2013 | D:4      | Killed Dowan
  2013 | D:4      | Reached * piety under Okawaru
  2014 | D:4      | Reached skill level 5 in Shields
  2024 | D:4      | Noticed Duvessa
  2027 | D:5      | Entered Level 5 of the Dungeon
  2038 | D:4      | Killed a water moccasin
  2215 | D:4      | Killed Duvessa
  2216 | D:4      | Reached skill level 7 in Axes
  2216 | D:4      | Reached XP level 7. HP: 29/59 MP: 7/7
  2403 | D:4      | Found a transporter.
  2420 | D:4      | Found a hide-covered altar of Uskayaw.
  2521 | D:4      | Found a transporter.
  2861 | D:4      | HP: 3/60 [poison (poison gas)]
  3096 | D:5      | Reached ** piety under Okawaru
  3097 | D:5      | Reached skill level 1 in Spellcasting
  3130 | D:4      | Reached XP level 8. HP: 16/67 MP: 8/10
  3496 | D:5      | Reached skill level 5 in Armour
  3644 | D:5      | Found a glowing golden altar of the Shining One.
  3665 | D:5      | Noticed Blork the orc
  3673 | D:5      | Killed Blork the orc
  3674 | D:5      | Reached skill level 5 in Fighting
  3769 | D:5      | Found a staircase to the Ecumenical Temple.
  3791 | D:5      | Found a hazy altar of Hepliaklqana.
  3816 | D:5      | Noticed Sigmund
  3830 | D:5      | Killed Sigmund
  4110 | D:3      | Bought an amulet of regeneration for 420 gold pieces
  4201 | D:6      | Noticed a troll
  4212 | D:6      | Slain by a troll

Illustrated notes

Levels and vault maps discovered:
D:1:      dpeg_arrival_erosion, layout_rooms, kennysheep_another_room,
          chequers_serial_rivers_micro_b
D:2:      layout_basic, serial_shops, shop, basic_altar, uniq_crazy_yiuf_cottage
D:3:      layout_rooms, serial_shops, shop, nicolae_shop_window_shopping, shop,
          nicolae_shop_stone, shop
D:4:      gammafunk_cloud_chamber, layout_gridville,
          nicolae_uskayaw_murder_on_the_dancefloor, uniq_duvessa
D:5:      minmay_polygon_palace, layout_cave_pools, tso_altar,
          lemuel_tele_altar, minmay_temple_entry_purple_smoke,
          uniq_blork_the_orc, uniq_sigmund
D:6:      layout_basic, nicolae_ru_awakened_eye, trog_ov_bears_minmay,
          minmay_circle_x

Skill      XL: |  1  2  3  4  5  6  7  8 |
---------------+-------------------------+-----
Axes           | 3 4 5 7 |  7.0
Fighting       | 4 6 |  6.6
Shields        | 4 5 6 |  6.1
Ice Magic      | 1 2 |  2.2
Armour         | 4 6 |  6.6
Spellcasting   | 1 2 |  2.1

Action                     |  1- 3 |  4- 6 |  7- 9 || total
---------------------------+-------+-------+-------++-------
  Melee: War axe           |    69 |    52 |   142 ||   263
         Unarmed           |       |     4 |       ||     4
    Use: Scroll            |     7 |     6 |     3 ||    16
         Potion            |       |     6 |     1 ||     7
 Armour: Scale mail        |    29 |       |       ||    29
         Chain mail        |       |    36 |    37 ||    73
         Plate armour      |       |       |    42 ||    42
  Dodge: Dodged            |    39 |    30 |    47 ||   116
  Block: Buckler           |     8 |    10 |    31 ||    49

Table legend: (Time is in decaauts)
 A = Elapsed time spent in this place.
 B = Non-inter-level travel time spent in this place.
 C = Inter-level travel time spent in this place.
 D = Time resting spent in this place.
 E = Time spent auto-exploring this place.
 F = Levels seen in this place.
 G = Mean time per level.
                   A        B        C        D        E       F      G
               +--------+--------+--------+--------+--------+-----+--------+
         Total |   4270 |   4042 |    228 |   1180 |   1136 |   6 |  711.7 |
       Dungeon |   4270 |   4042 |    228 |   1180 |   1136 |   6 |  711.7 |
               +--------+--------+--------+--------+--------+-----+--------+

Top non-repeatable levels by time:
     D:4: 1467 daAuts
     D:5: 905 daAuts
     D:3: 689 daAuts
     D:2: 686 daAuts
     D:1: 471 daAuts
     D:6: 49 daAuts
